 Dungeon Crawl Stone Soup version 0.28-a0-479-g5baa6b73be (webtiles) character file.

Game seed: 17147266863811290068

900 Dabor the Conjurer (level 7, -6/56 HPs)
             Began as a Demigod Conjurer on Sept 18, 2021.
             Mangled by a vampire mosquito (10 damage)
             ... on level 5 of the Dungeon.
             The game lasted 00:11:41 (6215 turns).

Dabor the Conjurer (Demigod Conjurer)               Turns: 6215, Time: 00:11:42

Health: -6/56      AC:  4    Str: 20    XL:     7   Next: 50%
Magic:  3/15       EV: 13    Int: 28    God:
Gold:   971        SH:  0    Dex: 12    Spells: 4/13 levels left

rFire   . . .      SeeInvis .   k - +0 whip (distort)
rCold   . . .      Faith    .   (no shield)
rNeg    . . .      Spirit   .   a - +0 robe
rPois   .          Reflect  .   (no helmet)
rElec   .          Harm     .   (no cloak)
rCorr   .          Rampage  .   (no gloves)
Will    .....                   c - +1 pair of boots
Stlth   ++........              (no amulet)
HPRegen 0.18/turn               e - +6 ring of strength
MPRegen 0.14/turn               i - +6 ring of strength

@: hasted, very quick
A: high mp 1, forlorn
a: no special abilities


You were on level 5 of the Dungeon.
You visited 1 branch of the dungeon, and saw 5 of its levels.
You also visited: Ossuary.

You collected 971 gold pieces.

Inventory:

Hand Weapons
 k - a +0 whip of distortion (weapon)
 l - a +0 trident
Armour
 a - a +0 robe (worn)
 c - a +1 pair of boots (worn)
Jewellery
 e - a +6 ring of strength (left hand)
 i - a +6 ring of strength (right hand)
 r - a ring of resist corrosion
Wands
 g - a wand of flame (24)
Scrolls
 b - 2 scrolls of amnesia
 m - 2 scrolls of noise
 n - a scroll of enchant armour
 p - a scroll of magic mapping
 t - a scroll of enchant weapon
Potions
 d - 2 potions of attraction
 f - 5 potions of curing
 j - a potion of ambrosia
 u - a potion of heal wounds {unknown}


   Skills:
 + Level 2.4 Fighting
 + Level 3.8 Dodging
 - Level 2.8 Stealth
 + Level 3.5 Spellcasting
 + Level 5.0 Conjurations
 * Level 3.7 Hexes
 + Level 0.8 Ice Magic


You had 4 spell levels left.
You knew the following spells:

 Your Spells              Type           Power      Damage    Failure   Level
a - Magic Dart            Conj           100%       1d8       1%          1
b - Searing Ray           Conj           66%        2d6       1%          2
c - Ensorcelled Hibernat  Hex/Ice        34%        N/A       4%          2
d - Fulminant Prism       Conj/Hex       14%        3d9       13%         4

Your spell library contained the following spells:

 Spells                   Type           Power      Damage    Failure   Level
 Dazzling Flash           Conj/Hex       58%        N/A       3%          3
 Beastly Appendage        Tmut           8%         N/A       8%          1
 Call Imp                 Summ           4%         N/A       12%         2
 Mephitic Cloud           Conj/Pois/Air  14%        N/A       12%         3
 Frozen Ramparts          Ice            18%        1d3       16%         3
 Cause Fear               Hex            12%        N/A       17%         4
 Ignite Poison            Fire/Tmut/Pois 4%         N/A       24%         3
 Iskenderun's Mystic Bla  Conj/Tloc      19%        2d6       28%         4
 Ice Form                 Ice/Tmut       7%         N/A       54%         4
 Summon Ice Beast         Ice/Summ       7%         N/A       54%         4
 Freezing Cloud           Conj/Ice/Air   8%         6-21      67%         5


Dungeon Overview and Level Annotations

Branches:
Dungeon (5/15)             Temple (0/1) D:4         Ossuary (visited)

Annotations:
D:2 Robin


Innate Abilities, Weirdness & Mutations

Your attributes grow dramatically as you level up.
You have an increased reservoir of magic. (+10% MP)
You shall have no god before yourself.


Message History

You destroy the hound skeleton!
You see here an iguana corpse.
The vampire mosquito buzzes angrily.
You hit the vampire mosquito but do no damage.
Space bends around the vampire mosquito.
The vampire mosquito is lightly damaged.
The vampire mosquito bites you.
The vampire mosquito draws strength from your injuries!
The vampire mosquito barely misses you.
You barely miss the vampire mosquito.
The vampire mosquito is lightly damaged.
The vampire mosquito misses you. x2
The vampire mosquito closely misses you.
The vampire mosquito bites you but does no damage. x2
The vampire mosquito bites you!
The vampire mosquito draws strength from your injuries!
The vampire mosquito completely misses you.
The vampire mosquito bites you but does no damage.
The vampire mosquito bites you.
The vampire mosquito draws strength from your injuries!
The vampire mosquito barely misses you. The vampire mosquito bites you!
The vampire mosquito draws strength from your injuries!
The vampire mosquito buzzes angrily.
The vampire mosquito misses you. x2; The vampire mosquito bites you!
The vampire mosquito draws strength from your injuries!
Casting: Magic Dart (safe; 1% risk of failure)
Confirm with . or Enter, or press ? or * to list all spells.
You can't see any susceptible monsters within range! (Use Z to cast anyway.)
Okay, then.
Okay, then.
You feel yourself speed up. The vampire mosquito barely misses you.
The vampire mosquito misses you. The vampire mosquito bites you!
* * * LOW HITPOINT WARNING * * *
The vampire mosquito draws strength from your injuries!
The vampire mosquito bites you!
* * * LOW HITPOINT WARNING * * *
The vampire mosquito draws strength from your injuries!
The vampire mosquito bites you but does no damage.
The vampire mosquito bites you!
You die...

###..#
#..#####.......#
..#..#
##.##...#.######
###..#
#..#...#.#
#...##
######.#...#.#
#...#
#..........#.#
....#
#..........#.#
..###
#........###.#
.## #........#
.# ......
#.#####@.#
###### #.# #yy##
#.#####y..#
#....<#.#+##
#######y...# .
...........#....
######..†....#
#.......#
#.........#


You could see 4 vampire mosquitoes.

Vanquished Creatures
  A water moccasin (D:5)
  A scorpion (D:4)
  4 water moccasin zombies (Ossuary)
  An orc priest (D:5)
  4 hounds
  A bullfrog skeleton (D:4)
  A centaur skeleton (D:4)
  3 iguanas
  2 orc wizards
  A hound zombie (D:5)
  2 hound skeletons (D:5)
  2 mummies (Ossuary)
  An adder (D:3)
  2 adder zombies (Ossuary)
  3 worms (D:2)
  3 dart slugs
  11 orcs
  5 endoplasms
  A giant cockroach (D:2)
  9 goblins
  8 hobgoblins
  3 jackals (D:1)
  A quokka (D:1)
  5 ball pythons
  7 bats
  A frilled lizard (D:3)
  6 gnoll zombies (Ossuary)
  5 hobgoblin zombies (Ossuary)
  6 kobolds
  4 kobold zombies (Ossuary)
  4 rats
108 creatures vanquished.

Vanquished Creatures (others)
  2 fulminant prisms (Ossuary)
  15 plants (D:4)
17 creatures vanquished.

Grand Total: 125 creatures vanquished

Notes
Turn   | Place    | Note
-------+----------+-------------------------------------------
     0 | D:1      | Dabor the Demigod Conjurer began the quest for the Orb.
     0 | D:1      | Reached XP level 1. HP: 14/14 MP: 5/5
   590 | D:1      | Reached XP level 2. HP: 13/20 MP: 2/7
  1065 | D:1      | Got Plato's Tome of Changing
  1594 | D:2      | Reached XP level 3. HP: 26/26 MP: 6/8
  2245 | D:2      | Noticed Robin
  2683 | D:3      | Reached skill level 4 in Conjurations
  3396 | D:3      | Reached XP level 4. HP: 33/33 MP: 8/10
  3422 | D:3      | Learned a level 2 spell: Searing Ray
  3953 | D:4      | Reached XP level 5. HP: 29/39 MP: 11/11
  4063 | D:4      | Found a staircase to the Ecumenical Temple.
  4090 | D:4      | Reached skill level 1 in Hexes
  4534 | D:4      | Reached skill level 1 in Fighting
  4664 | D:4      | Reached XP level 6. HP: 39/47 MP: 4/13
  4959 | D:4      | Got the Catalogue of the Captivating Entourage
  5157 | D:5      | Entered Level 5 of the Dungeon
  5160 | D:5      | Noticed a water moccasin
  5167 | D:5      | Killed a water moccasin
  5213 | D:5      | Noticed a vampire mosquito
  5215 | D:5      | Noticed a vampire mosquito
  5216 | D:5      | Noticed a vampire mosquito
  5330 | D:5      | Noticed a vampire mosquito
  5376 | D:5      | Found a sand-covered staircase.
  5384 | Ossuary  | Entered an ossuary
  5576 | Ossuary  | Reached XP level 7. HP: 26/55 MP: 4/15
  5814 | Ossuary  | Learned a level 2 spell: Ensorcelled Hibernation
  5819 | Ossuary  | Learned a level 4 spell: Fulminant Prism
  5985 | D:5      | Identified a scroll of acquirement
  5985 | D:5      | Acquired 740 gold pieces
  6160 | D:5      | Reached skill level 5 in Conjurations
  6215 | D:5      | Mangled by a vampire mosquito

Illustrated notes

Levels and vault maps discovered:
D:1:      mrwooster_arrival_arrow, layout_basic,
          shapermc_ecumenical_altar_rom_forum
D:2:      layout_loops_ring, basic_altar, kennysheep_nondescript, uniq_robin
D:3:      layout_basic
D:4:      layout_rooms, grunt_dithmenos_smoke, nicolae_hepliaklqana_hazy_memory,
          minmay_temple_entry_glassed_door
D:5:      layout_basic, nicolae_ossuary_entry_plus, minivault_24

Skill      XL: |  1  2  3  4  5  6  7 |
---------------+----------------------+-----
Stealth        | 2 |  2.8
Dodging        | 2 3 |  3.8
Spellcasting   | 2 3 |  3.5
Conjurations   | 4 5 |  5.0
Hexes          | 1 3 |  3.7
Fighting       | 1 2 |  2.4
Ice Magic      | |  0.8

Action                   |  1- 3 |  4- 6 |  7- 9 || total
-------------------------+-------+-------+-------++-------
Melee: Unarmed           |    22 |       |       ||    22
       Trident           |     2 |    37 |     6 ||    45
       Whip              |       |       |     4 ||     4
 Cast: Magic Dart        |   138 |    64 |    16 ||   218
       Searing Ray       |       |    10 |     9 ||    19
       Fulminant Prism   |       |       |     2 ||     2
  Use: Scroll            |     5 |     2 |     8 ||    15
       Potion            |       |     1 |     1 ||     2
Armor: Robe              |     3 |    16 |     7 ||    26
       Skin              |     1 |       |       ||     1
Dodge: Dodged            |    21 |    54 |    24 ||    99

Table legend: (Time is in decaauts)
 A = Elapsed time spent in this place.
 B = Non-inter-level travel time spent in this place.
 C = Inter-level travel time spent in this place.
 D = Time resting spent in this place.
 E = Time spent auto-exploring this place.
 F = Levels seen in this place.
 G = Mean time per level.
                   A        B        C        D        E       F      G
               +--------+--------+--------+--------+--------+-----+--------+
         Total |   6230 |   6091 |    139 |   1849 |   3224 |   6 | 1038.3 |
       Dungeon |   5656 |   5517 |    139 |   1440 |   3224 |   5 | 1131.2 |
       Ossuary |    574 |    574 |      0 |    409 |      0 |   1 |  574.0 |
               +--------+--------+--------+--------+--------+-----+--------+

Top non-repeatable levels by time:
     D:2: 1380 daAuts
     D:1: 1267 daAuts
     D:4: 1264 daAuts
     D:3: 1256 daAuts
 Ossuary: 574 daAuts
     D:5: 488 daAuts
